Map: Persephone LE

Players

Serral - Winner!

  • Race: Zerg Zerg
  • Spawn Location: 11:00

Classic

  • Race: Protoss Protoss
  • Spawn Location: 7:00

Event: Esports World Cup 2025

VOD

Have the link to the VOD?

Description

Time

  • Played on: July 25, 2025, 11:25 a.m.
  • Length: 10:12

All games in this series

Show
View Real Time Build Order
Export as new Build Order

Serral Zerg - Winner!

Build Orders: Hatch First 

Get SALT Encoding   

  12  0:00  Drone  
  13  0:07  Drone  
  14  0:14  Drone, Extractor  
  14  0:21  Overlord  
  15  0:40  Drone  
  16  0:45  Hatchery  
  16  0:49  Drone  
  16  0:52  Drone  
  16  0:56  Drone  
  18  1:06  Extractor  
  18  1:11  Spawning Pool  
  16  1:15  Drone  
  16  1:17  Drone  
  18  1:26  Drone  
  19  1:38  Drone  
  20  1:48  Drone  
  21  1:58  Queen x2  
  21  2:00  Zergling x2, Overlord  
  26  2:08  Drone  
  26  2:09  Metabolic Boost  
  26  2:13  Drone  
  28  2:19  Drone  
  28  2:20  Drone  
  30  2:29  Zergling x2  
  31  2:34  Queen  
  33  2:44  Hatchery  
  33  2:46  Overlord  
  33  2:48  Drone  
  33  2:50  Drone  
  34  2:54  Drone  
  34  2:56  Drone  
  35  3:05  Overlord  
  35  3:09  Drone x3  
  35  3:12  Drone  
  39  3:14  Drone  
  39  3:16  Queen  
  42  3:20  Spore Crawler  
  42  3:22  Drone  
  42  3:24  Drone  
  43  3:28  Spore Crawler  
  43  3:29  Zergling x2  
  42  3:36  Drone  
  42  3:39  Drone x3  
  46  3:43  Overlord x2  
  46  3:45  Drone  
  48  3:56  Queen  
  48  3:57  Spore Crawler  
  48  3:58  Zergling x2  
  48  4:01  Drone  
  48  4:02  Drone x3  
  54  4:03  Drone  
  54  4:09  Drone x4  
  59  4:13  Drone x2  
  59  4:16  Drone x2  
  63  4:20  Lair  
  63  4:22  Drone  
  63  4:23  Drone  
  65  4:25  Zergling x2  
  66  4:33  Drone  
  66  4:41  Overlord  
  66  4:42  Extractor, Queen  
  66  4:43  Drone x2, Overlord, Extractor  
  66  4:46  Overlord  
  66  4:54  Hatchery  
  66  4:58  Zergling x2  
  66  5:00  Drone x7  
  66  5:06  Drone  
  74  5:09  Drone x5  
  74  5:10  Roach Warren  
  74  5:13  Queen  
  79  5:17  Zergling x6  
  82  5:21  Extractor  
  82  5:24  Overseer, Spire  
  82  5:27  Extractor x2  
  79  5:28  Drone  
  79  5:29  Drone x2  
  79  5:30  Drone  
  79  5:31  Drone  
  84  5:39  Queen x2  
  84  5:42  Drone x2  
  88  5:43  Spore Crawler  
  88  5:44  Drone x2  
  87  5:50  Queen  
  87  5:53  Extractor  
  87  5:56  Drone  
  89  5:57  Overlord  
  89  6:03  Overlord  
  89  6:04  Overlord  
  89  6:10  Drone  
  89  6:11  Drone x5  
  95  6:15  Evolution Chamber  
  94  6:19  Overlord  
  94  6:22  Overlord  
  94  6:23  Drone x3  
  94  6:25  Glial Reconstitution  
  97  6:29  Spore Crawler  
  96  6:37  Mutalisk x7  
  96  6:39  Mutalisk  
  110  6:43  Overlord x4, Extractor  
  110  6:45  Extractor, Zerg Missile Weapons Level 1  
  110  6:49  Roach x2  
  110  6:52  Drone x2  
  110  6:54  Roach x3  
  121  6:58  Roach x3  
  129  7:04  Overlord  
  129  7:05  Roach x3  
  129  7:06  Roach  
  137  7:13  Pneumatized Carapace  
  137  7:15  Roach x4  
  145  7:23  Roach x5  
  145  7:24  Roach  
  145  7:29  Roach x4  
  165  7:42  Roach x4  
  167  7:45  Overlord  
  167  7:46  Overlord x3  
  167  7:49  Roach x2  
  167  7:55  Overlord x2  
  161  8:03  Roach x3  
  161  8:05  Roach x5  
  177  8:08  Ravager x5  
  182  8:14  Roach x6  
  188  8:28  Roach x7  
  177  8:34  Roach  
  177  8:35  Roach x6  
  177  8:40  Ravager x2  
  189  8:46  Roach x4  
  188  8:50  Roach x3  
  188  8:55  Roach x4  
  186  8:58  Roach x2  
  182  9:05  Roach x5  
  182  9:07  Roach x2  
  187  9:11  Roach x3  
  177  9:17  Roach x3  
  177  9:19  Roach  
  177  9:22  Roach x2  
  177  9:27  Roach  
  177  9:28  Queen  
  177  9:32  Infestation Pit, Queen  
  177  9:33  Extractor  
  177  9:34  Roach x4  
  177  9:35  Roach  
  187  9:41  Drone x3  
  188  9:49  Roach x2  
Show
View Real Time Build Order
Export as new Build Order

Classic Protoss 

Build Orders: 1 Gate Expand, Oracle Opening 

Get SALT Encoding   

  12  0:00  Probe  
  13  0:12  Probe  
  14  0:18  Pylon  
  14  0:24  Probe  
  15  0:33  Probe  
  15  0:40  Gateway  
  15  0:41  Probe  
  16  0:46  Assimilator  
  17  0:51  Probe  
  18  1:03  Probe  
  19  1:15  Probe  
  20  1:23  Nexus  
  20  1:33  Cybernetics Core  
  20  1:36  Probe  
  21  1:43  Assimilator  
  21  1:48  Probe  
  21  1:52  Pylon  
  22  2:00  Probe, Adept  
  23  2:12  Probe  
  23  2:15  Stargate  
  26  2:24  Warp Gate, Probe  
  27  2:30  Adept  
  27  2:32  Probe  
  27  2:33  Probe  
  31  2:40  Probe  
  31  2:41  Probe  
  31  2:50  Probe  
  31  2:51  Probe  
  33  2:56  Void Ray  
  35  3:02  Probe  
  40  3:08  Probe  
  41  3:13  Pylon  
  41  3:14  Probe  
  42  3:21  Probe  
  42  3:24  Gateway  
  42  3:26  Probe  
  44  3:33  Oracle, Probe  
  48  3:38  Probe  
  49  3:52  Probe  
  49  3:53  Probe  
  49  3:54  Nexus  
  49  3:55  Pylon  
  51  4:01  Assimilator  
  51  4:02  Assimilator  
  51  4:06  Probe x2  
  51  4:09  Oracle, Stargate  
  53  4:15  Pylon  
  53  4:18  Probe x2  
  53  4:23  Pylon  
  58  4:30  Probe  
  58  4:31  Probe  
  60  4:43  Probe x2  
  60  4:44  Pylon  
  60  4:45  Oracle x2  
  62  4:54  Shield Battery  
  62  4:55  Probe x2  
  62  4:58  Shield Battery  
  70  5:07  Probe x2  
  70  5:09  Probe  
  70  5:12  Twilight Council  
  70  5:13  Forge  
  73  5:18  Gateway  
  73  5:19  Gateway, Probe x2  
  73  5:21  Probe  
  76  5:29  Gateway  
  76  5:30  Gateway  
  76  5:31  Probe  
  76  5:34  Probe x2  
  79  5:42  Blink  
  79  5:43  Probe  
  79  5:46  Probe x2  
  79  5:50  Protoss Ground Weapons Level 1  
  79  5:54  Assimilator  
  79  5:55  Probe, Assimilator, Templar Archives  
  80  5:58  Probe x2  
  82  6:04  Photon Cannon  
  82  6:05  Stalker  
  82  6:06  Pylon  
  82  6:07  Probe  
  82  6:10  Probe x2  
  87  6:14  Stalker x2  
  91  6:19  Probe  
  91  6:22  Probe x2  
  94  6:28  Nexus  
  94  6:31  Pylon, Stalker x2  
  98  6:35  Psionic Storm  
  98  6:36  Pylon  
  98  6:43  Probe x3  
  101  6:47  High Templar x2  
  101  6:48  Pylon  
  101  6:50  Pylon  
  101  6:52  Photon Cannon  
  105  6:54  Shield Battery  
  105  6:59  High Templar  
  105  7:00  High Templar  
  109  7:02  Phoenix  
  109  7:03  Phoenix  
  109  7:04  Gateway  
  109  7:05  Gateway  
  109  7:07  Pylon  
  113  7:15  Photon Cannon  
  113  7:18  Shield Battery  
  113  7:20  Stalker x2  
  117  7:26  Stalker x2  
  120  7:45  Probe x2  
  120  7:46  Probe  
  119  7:52  Fleet Beacon, Assimilator  
  119  7:54  Assimilator  
  119  7:56  High Templar x2  
  123  8:00  Probe x4  
  123  8:04  Photon Cannon  
  127  8:06  Photon Cannon  
  127  8:07  Shield Battery  
  127  8:09  Pylon x2  
  127  8:12  Probe x2  
  129  8:15  Stalker x6  
  141  8:23  Gateway  
  132  8:29  Gateway  
  132  8:32  Stalker x2  
  124  8:41  Stalker x6  
  120  8:57  Stalker x2  
  115  9:06  Stalker x6  
  105  9:20  Stalker x2  
  87  9:29  Stalker x4  
  85  9:33  Stalker  
  83  9:40  Pylon  
  83  9:45  Stalker x2  
  87  9:53  Stalker x4  
  87  9:57  Stalker  
Tags
 
Add a new tag
Caveats
  • Supply blocks, unpowered buildings, or Contaminate may cause inaccurate times.
  • Supply counts are checked every 10 seconds.